 Dungeon Crawl Stone Soup version bcrawl-1.27.8b (webtiles) character file.

Game seed: 13910825180264437853

303620 LostNumber the Nimble (level 10, -1/69 HPs)
             Began as a Fairy Fighter on Nov 7, 2020.
             Was a Believer of the Shining One.
             Slain by an orc warrior
             ... wielding a +0 war axe
             ... led by an orc knight
              (13 damage)
             ... on level 9 of the Dungeon.
             The game lasted 00:16:02 (7259 turns).

LostNumber the Nimble (Fairy Fighter)               Turns: 7259, Time: 00:16:03

Health: -1/69      AC: 11    Str: 19    XL:     10   Next: 20%
Magic:  7/7        EV: 23    Int: 12    God:    the Shining One [**....]
Gold:   504        SH: 20    Dex: 15    Spells: 9/9 levels left

rFire    . . .     SeeInvis .   E - +1 rapier (antimagic)
rCold    + . .     Gourm    .   s - +2 medium shield
rNeg     + . .     Faith    .   (armour unavailable)
rPois    .         Spirit   .   g - +2 helmet
rElec    .         Reflect  .   A - +0 cloak
rCorr    .         Harm     .   f - +0 pair of gloves
MR       +....                  (no boots)
Stlth    ..........             r - amulet of regeneration
HPRegen  0.42/turn              o - ring of protection from cold
MPRegen  0.10/turn              x - +3 ring of evasion

@: mighty, flying evasively, glowing
A: small, magic attunement, unstealthy, unfitting armour, able to fly, AC/SH +6
a: Stop Flying, Divine Shield, Renounce Religion


You were on level 9 of the Dungeon.
You worshipped the Shining One.
The Shining One was pleased with you.
You were very hungry.

You visited 2 branches of the dungeon, and saw 10 of its levels.

You collected 504 gold pieces.

Inventory:

Hand Weapons
 a - a +0 rapier
 C - a +7 flail of crushing
   (You took it off Edmund on level 5 of the Dungeon)
 E - a +1 antimagic rapier (weapon)
   (You took it off Eustachio on level 5 of the Dungeon)
Missiles
 H - a throwing net {=f!f}
Armour
 b - a +0 medium shield
 f - a +0 pair of gloves (worn)
   (You found it on level 3 of the Dungeon)
 g - a +2 helmet (worn)
   (You found it on level 4 of the Dungeon)
 s - a +2 medium shield (worn)
   (You found it on level 2 of the Dungeon)
 A - a +0 cloak (worn)
   (You found it on level 7 of the Dungeon)
Jewellery
 o - a ring of protection from cold (left hand)
   (You found it on level 3 of the Dungeon)
 r - an amulet of regeneration (around neck)
   (You found it on level 2 of the Dungeon)
 x - a +3 ring of evasion (right hand)
   (You found it on level 3 of the Dungeon)
 G - an uncursed amulet of magic regeneration {unknown}
   (You found it on level 7 of the Dungeon)
Wands
 d - a wand of iceblast (8)
   (You found it on level 9 of the Dungeon)
 D - a wand of polymorph (7)
   (You took it off Ijyb on level 5 of the Dungeon)
 J - a wand of random effects (7)
   (You found it on level 8 of the Dungeon)
 K - a wand of enslavement (5)
   (You found it on level 8 of the Dungeon)
Scrolls
 j - 3 scrolls of amnesia {unknown}
 k - 5 scrolls of teleportation {unknown}
 m - a scroll of enchant weapon {unknown}
 n - 7 scrolls of remove curse {unknown}
 p - 2 scrolls of blinking {unknown}
 t - 4 scrolls of enchant armour {unknown}
 v - 3 scrolls of fog {unknown}
 y - 7 scrolls of identify {@r1}
 z - 3 scrolls of magic mapping {unknown}
 B - 2 scrolls of fear {unknown}
Potions
 c - a potion of might
 h - 3 potions of lignification {!q}
 i - 2 potions of heal wounds {unknown}
 l - 2 potions of agility {unknown}
 q - 3 potions of flight
 u - a potion of brilliance {unknown}
 w - 2 potions of cancellation {unknown}
 F - 2 potions of magic {unknown}
 I - a potion of resistance {unknown}
 M - a potion of curing {unknown}
Comestibles
 e - 21 rations {!d!d}
 L - 5 chunks of flesh


   Skills:
 + Level 6.9 Fighting
 + Level 7.2 Short Blades
 + Level 9.8 Dodging
 + Level 9.2 Shields
 * Level 4.1 Evocations


You had 9 spell levels left.
You didn't know any spells.
Your spell library contained the following spells:

 Spells                   Type           Power        Failure   Level  Hunger
 Throw Frost              Conj/Ice       #.....       91%         2    None
 Freeze                   Ice            #.....       99%         1    None
 Ozocubu's Armour         Chrm/Ice       #.......     100%        3    None
 Ice Form                 Ice/Tmut       #.......     100%        4    None
 Summon Ice Beast         Ice/Summ       #.......     100%        4    None
 Throw Icicle             Conj/Ice       #.......     100%        4    None


Dungeon Overview and Level Annotations

Branches:
Dungeon (9/12)             Temple (1/1) D:5             Orc (0/1) D:8
   Lair: D:7-9

Altars:
Makhleb
Xom
The Shining One

Shops:
D:4 [   D:5 }   D:8 *

Annotations:
D:2 1 runed door


Innate Abilities, Weirdness & Mutations

Your spells do not cause hunger and MP costs are reduced by 1.
Your bright wings attract enemies. (Stealth-)
You cannot fit into any form of body armour.
Your shimmering scales are hard and can block incoming attacks. (AC +6, SH +6)
You are small and have problems with some larger weapons.
You can fly continuously.


Message History

You kill the bullfrog!
No target in view!
As you open the door, it creaks loudly!
An orc and an orc warrior come into view.
The orc is quivering 46 poisoned tomahawks.
The orc warrior shouts!
The orc shouts!
You hear a shout!
The orc warrior moves out of view.
An orc knight comes into view. It is wielding a +0 great sword.
You have encountered a dangerous foe!
You reach down and close the door.
The orc knight moves out of view.
Something unseen opens the door.
The orc throws a poisoned tomahawk.
You block the poisoned tomahawk.
There is an open door here.
You start waiting.
The orc knight is too close now for your liking.
Aim: an orc knight, wielding a +0 great sword and wearing a +0 chain mail (haloed, chance to defeat MR: 38%)
The orc knight resists with some effort.
The orc knight roars a battlecry!
You hear a shout!
Aim: an orc knight, wielding a +0 great sword and wearing a +0 chain mail (haloed, chance to defeat MR: 38%)
The orc knight evaporates and reforms as a lindwurm!
You hear a shout! x2
You feel very mighty all of a sudden.
Unknown command.
You hit the lindwurm but do no damage. The lindwurm breathes flames at you.
The blast of flame hits you!!
You impale the lindwurm!! You block the lindwurm's attack.
The lindwurm closely misses you. x2
You puncture the lindwurm! The lindwurm bites you.
The lindwurm completely misses you. You block the lindwurm's attack.
You puncture the lindwurm! The orc warrior misses you.
You block the lindwurm's attack. The lindwurm completely misses you.
You block the lindwurm's attack.
You puncture the lindwurm!
You kill the lindwurm!
Your Evocations skill increases to level 4!
The orc throws a poisoned tomahawk.
You block the poisoned tomahawk.
The orc warrior hits you with a +0 war axe!!
* * * LOW HITPOINT WARNING * * *
Unknown command.
Unknown command.
You hit the orc warrior. You block the orc warrior's attack.
You barely miss the orc warrior. You block the orc's attack.
You puncture the orc warrior! You block the orc warrior's attack.
You block the orc's attack.
You hit the orc warrior.
You are feeling very hungry.
The orc warrior hits you with a +0 war axe!
You die...

#...#...##...#.....
#...#...##...#....
#...#.$......#...#
#...#........#...#
#...#...##...#...#
#.......##...#...#
#.......##...#...#
##.......##......o##
..†......##.....@o.#
###......##..#####)#
#......##..+.....#
#......##..#.###.#
#......##..#.###.#
#......##..#.###.#
#......#
#.....oo...#
#......#
#+#####....# ....#


You could see an orc warrior and an orc.

Vanquished Creatures
  A lindwurm (D:9)
  A troll (D:7)
  Eustachio (D:5)
  A steam dragon (D:9)
  A hungry ghost (D:6)
  Edmund (D:5)
  A water moccasin (D:9)
  4 orc warriors
  2 sky beasts
  A black bear (D:9)
  An ice beast (D:6)
  A centaur (D:5)
  2 ogres
  4 bullfrogs
  A wyvern zombie (D:7)
  A water moccasin skeleton (D:6)
  2 scorpions
  A killer bee (D:6)
  2 electric eels (D:6)
  3 howler monkeys
  2 crimson imps
  2 bullfrog zombies
  3 hounds
  A jelly (D:6)
  2 orc wizards
  3 orc priests
  A centaur skeleton (D:8)
  A bullfrog skeleton (D:4)
  2 iguanas (D:7)
  Ijyb (D:5)
  3 worker ants
  A hound zombie (D:5)
  13 adders
  4 gnolls
  3 oozes
  2 adder skeletons
  4 worms
  A dart slug (D:3)
  4 leopard geckos
  30 orcs
  2 ball pythons
  4 bats
  3 giant cockroaches
  7 goblins
  8 hobgoblins
  7 jackals
  10 quokkas
  7 frilled lizards
  A jackal zombie (D:5)
  11 kobolds
  10 rats
185 creatures vanquished.

Notes
Turn   | Place    | Note
-------+----------+-------------------------------------------
     0 | D:1      | LostNumber the Fairy Fighter began the quest for the Orb.
     0 | D:1      | Reached XP level 1. HP: 15/15 MP: 3/3
   562 | D:1      | Reached XP level 2. HP: 20/20 MP: 4/4
  1158 | D:1      | Reached XP level 3. HP: 26/26 MP: 5/5
  2017 | D:2      | Found a runed door.
  2201 | D:3      | Reached XP level 4. HP: 31/31 MP: 6/6
  2532 | D:3      | Reached XP level 5. HP: 31/36 MP: 7/7
  2561 | D:3      | Reached skill level 5 in Dodging
  2592 | D:3      | Found a glowing golden altar of the Shining One.
  2601 | D:3      | Became a worshipper of the Shining One
  3028 | D:4      | Noticed an ogre
  3047 | D:3      | Reached skill level 5 in Shields
  3163 | D:3      | Reached XP level 6. HP: 41/43 MP: 8/8
  3196 | D:4      | Found Seepp's Antique Armour Emporium.
  3487 | D:4      | Noticed a sky beast
  3504 | D:4      | Killed a sky beast
  3504 | D:4      | Reached XP level 7. HP: 48/48 MP: 9/9
  3536 | D:4      | Reached * piety under the Shining One
  3969 | D:5      | Entered Level 5 of the Dungeon
  3992 | D:5      | Found Omomeew's Gadget Boutique.
  4086 | D:5      | Noticed Edmund
  4104 | D:5      | Killed Edmund
  4147 | D:5      | Noticed Eustachio
  4193 | D:5      | Found a staircase to the Ecumenical Temple.
  4201 | Temple   | Entered the Ecumenical Temple
  4203 | D:5      | Noticed Ijyb
  4220 | D:5      | Killed Ijyb
  4245 | D:5      | Killed Eustachio
  4245 | D:5      | Reached XP level 8. HP: 54/54 MP: 10/10
  4628 | D:5      | Reached skill level 5 in Fighting
  4640 | D:5      | Reached skill level 5 in Short Blades
  5202 | D:6      | Reached XP level 9. HP: 54/62 MP: 5/11
  5464 | D:7      | Found a shimmering altar of Xom.
  5560 | D:7      | Reached ** piety under the Shining One
  5703 | D:7      | Noticed a troll
  5727 | D:7      | Killed a troll
  6161 | D:8      | Noticed an orc knight
  6187 | D:8      | Noticed an orc knight
  6188 | D:8      | Found a staircase to the Orcish Mines.
  6189 | D:8      | Noticed an orc knight
  6324 | D:6      | Found a burning altar of Makhleb.
  6559 | D:6      | Reached skill level 1 in Evocations
  6747 | D:8      | Found Diwydoor's Assorted Antiques.
  7129 | D:9      | Reached XP level 10. HP: 51/69 MP: 7/14
  7236 | D:9      | Noticed an orc knight
  7249 | D:9      | Noticed a lindwurm
  7249 | D:9      | an orc knight changed into a lindwurm
  7255 | D:9      | Killed a lindwurm
  7259 | D:9      | Slain by an orc warrior

Skill      XL: |  1  2  3  4  5  6  7  8  9 10 |
---------------+-------------------------------+-----
Shields        | 4 5 6 7 8 9 |  9.2
Fighting       | 3 4 5 6 |  6.9
Dodging        | 5 6 7 8 9 |  9.8
Short Blades   | 3 4 5 6 7 |  7.2
Evocations     | 3 4 |  4.1

Action                   |  1- 3 |  4- 6 |  7- 9 | 10-12 || total
-------------------------+-------+-------+-------+-------++-------
Melee: Rapier            |   200 |   313 |   480 |    26 ||  1019
Evoke: Wand              |       |       |       |     2 ||     2
  Use: Scroll            |       |     2 |       |       ||     2
       Potion            |       |       |     2 |     1 ||     3
  Eat: Chunk             |    11 |    10 |    26 |       ||    47
       Ration            |       |     1 |       |       ||     1
Armor: Skin              |    23 |    37 |    64 |     4 ||   128
Dodge: Dodged            |    64 |   111 |   149 |    13 ||   337
Block: Medium shield     |   111 |   264 |   427 |    28 ||   830
